 Dungeon Crawl Stone Soup version 0.30.0-10-gfe55d96785 (webtiles) character file.

Game seed: 14468464401843474813

85 hikkokomori the Firebug (level 4, 0/44 HPs)
             Began as an Ogre Fire Elementalist on May 16, 2023.
             Slain by Ijyb
             ... wielding a +0 club
              (6 damage)
             ... on level 3 of the Dungeon.
             The game lasted 00:02:50 (2624 turns).

hikkokomori the Firebug (Ogre Fire Elementalist)    Turns: 2624, Time: 00:02:50

Health: 0/44       AC:  3    Str: 12    XL:     4   Next: 48%
Magic:  0/7        EV:  9    Int: 18    God:
Gold:   77         SH:  0    Dex:  9    Spells: 6/7 levels left

rFire   . . .        l - +0 mace of the Ghost {holy, rC+}
rCold   + . .        (no shield)
rNeg    . . .        a - +0 robe
rPois   .            (helmet restricted)
rElec   .            (no cloak)
rCorr   .            (gloves unavailable)
SInv    .            (boots unavailable)
Will    .....        (no amulet)
Stlth   +            (no ring)
HPRegen 0.27/turn    (no ring)
MPRegen 0.10/turn

%: no passive effects
@: no status effects
A: large, unfitting armour, tough skin 1
a: no special abilities


You were on level 3 of the Dungeon.
You visited 1 branch of the dungeon, and saw 3 of its levels.

You collected 77 gold pieces.

Inventory:

Hand Weapons
 d - a +0 short sword
 l - the +0 mace of the Ghost (weapon) {holy, rC+}
   (You found it on level 2 of the Dungeon)

   rC:        It protects you from cold.
Armour
 a - a +0 robe (worn)
Wands
 j - a wand of iceblast (5)
Scrolls
 c - 2 scrolls of immolation {unknown}
 f - a scroll of vulnerability {unknown}
 g - 2 scrolls of identify {unknown}
 i - a scroll of brand weapon {unknown}
 k - a scroll of torment {unknown}
Potions
 b - a potion of magic
 e - 2 potions of curing
 h - a potion of mutation {unknown}
 m - a potion of might {unknown}


   Skills:
 + Level 2.8 Fighting
 + Level 0.0 Maces & Flails
 - Level 1.7 Dodging
 - Level 1.4 Stealth
 - Level 2.4 Spellcasting
 + Level 2.2 Conjurations
 + Level 3.4 Fire Magic


You had 6 spell levels left.
You knew the following spells:

 Your Spells              Type           Power      Damage    Failure   Level
a - Foxfire               Conj/Fire      48%        2x1d6     5%          1

Your spell library contained the following spells:

 Spells                   Type           Power      Damage    Failure   Level
 Scorch                   Fire           28%        2d6       6%          2
 Slow                     Hex            8%         N/A       17%         1
 Inner Flame              Hex/Fire       8%         N/A       26%         3
 Volatile Blastmotes      Fire/Tloc      16%        2d11      26%         3
 Confusing Touch          Hex            2%         N/A       45%         3
 Vampiric Draining        Necr           2%         2d6       45%         3
 Flame Wave               Conj/Fire      12%        2d6       47%         4
 Petrify                  Tmut/Erth      2%         N/A       86%         4
 Summon Lightning Spire   Summ/Air       2%         N/A       86%         4
 Metabolic Englaciation   Hex/Ice        1%         N/A       99%         5
 Statue Form              Tmut/Erth      1%         N/A       100%        6
 Storm Form               Tmut/Air       1%         N/A       100%        7
 Maxwell's Capacitive Co  Air            1%         ∞         100%        8


Dungeon Overview and Level Annotations

Branches:
Dungeon (3/15)

Altars:

Shops:
D:2 (

Annotations:
D:3 Ijyb


Innate Abilities, Weirdness & Mutations

You are too large for most types of armour.
You have tough skin. (AC +1)


Message History

The now-empty wand crumbles to dust.
You are too injured to fight recklessly!
You are too injured to fight recklessly!
You are too injured to fight recklessly!
Unknown command.
You are too injured to fight recklessly!
Unknown command.
Casting: Foxfire (safe; 5% risk of failure)
Confirm with . or Enter, or press ? or * to list all spells.
You conjure some foxfire!
The foxfire hits Ijyb but does no damage.
Ijyb is severely wounded.
Ijyb hits you with a +0 club!
* * * LOW HITPOINT WARNING * * *
You barely miss Ijyb.
Ijyb is severely wounded.
The foxfire hits Ijyb but does no damage.
Ijyb is severely wounded.
The foxfire hits Ijyb.
Ijyb is severely wounded.
Ijyb hits you with a +0 club.
* * * LOW HITPOINT WARNING * * *
Unknown command.
You hit Ijyb but do no damage.
Ijyb is severely wounded.
Ijyb barely misses you.
Unknown command.
You barely miss Ijyb.
Ijyb is severely wounded.
Ijyb hits you with a +0 club.
* * * LOW HITPOINT WARNING * * *
Ijyb hits you with a +0 club.
* * * LOW HITPOINT WARNING * * *
Unknown command.
It was a potion of curing.
You feel better. Ijyb hits you with a +0 club.
* * * LOW HITPOINT WARNING * * *
You barely miss Ijyb.
Ijyb is severely wounded.
Ijyb hits you with a +0 club.
You die...

#######.
#......#+##
####.........#
.............#
.............#
########
.............+
...#...
.......g.....#
#.#.##
....$..@.....#
#.....
....#...##...#
##...## .
###..#########..#.#
##......#.....#.#
######.>...#.#.#
#####.#.#.#
#..(....#.#.#
#.#######.#.#
#.######### ..#.#


You could see Ijyb.

Vanquished Creatures
  3 adders (D:2)
  A worm (D:2)
  2 dart slugs (D:1)
  4 bats
  6 endoplasms
  4 giant cockroaches
  7 goblins
  6 hobgoblins
  4 quokkas
  3 ball pythons (D:1)
  A frilled lizard (D:2)
  3 kobolds
  3 rats
47 creatures vanquished.

Vanquished Creatures (others)
  A frilled lizard (D:3)
  161 foxfires
162 creatures vanquished.

Grand Total: 209 creatures vanquished

Notes
Turn   | Place    | Note
-------+----------+-------------------------------------------
     0 | D:1      | hikkokomori the Ogre Fire Elementalist began the quest for
                  | the Orb.
     0 | D:1      | Reached XP level 1. HP: 16/16 MP: 3/3
    47 | D:1      | Reached skill level 1 in Conjurations
   211 | D:1      | Reached skill level 1 in Fighting
   211 | D:1      | Reached XP level 2. HP: 16/27 MP: 0/5
   375 | D:1      | Reached skill level 3 in Fire Magic
   603 | D:1      | Reached XP level 3. HP: 30/35 MP: 3/6
  1480 | D:2      | Reached XP level 4. HP: 37/44 MP: 2/7
  1937 | D:2      | Found Topp's Antique Weapon Shop.
  2370 | D:2      | Identified the +0 mace of the Ghost {holy, rC+}
  2607 | D:3      | Noticed Ijyb
  2622 | D:3      | HP: 1/44 [Ijyb/+0 club (4)]
  2624 | D:3      | Slain by Ijyb

Illustrated notes

Levels and vault maps discovered:
D:1:      dpeg_arrival_boxes_within_box, layout_basic
D:2:      layout_basic, serial_shops, nicolae_shop_rolling_square
D:3:      layout_basic, lemuel_round_altar, basic_ecumenical_altar, uniq_robin,
          uniq_ijyb

Skill      XL: |  1  2  3 |
---------------+----------+-----
Conjurations   | 1 2 |  2.2
Fighting       | 1 2 |  2.8
Fire Magic     | 3 |  3.4
Dodging        | |  1.7
Stealth        | |  1.4
Spellcasting   | |  2.4

Action                     |  1- 3 |  4- 6 || total
---------------------------+-------+-------++-------
  Melee: Short sword       |    51 |    13 ||    64
         Mace              |       |     9 ||     9
   Cast: Foxfire           |    55 |    50 ||   105
    Use: Potion            |       |     1 ||     1
   Stab: Sleeping          |       |     1 ||     1
 Armour: Robe              |    15 |    16 ||    31
  Dodge: Dodged            |    22 |    17 ||    39
